 Dungeon Crawl Stone Soup version 0.15.0-31-geb66e34 (webtiles) character file.

553 Johnny the Ruinous (level 6, 0/51 HPs)
             Began as a Demigod Conjurer on Sept 12, 2014.
             Slain by a centaur skeleton (4 damage)
             ... on Level 4 of the Dungeon.
             The game lasted 00:15:46 (5112 turns).

Johnny the Ruinous (Demigod Conjurer)               Turns: 5112, Time: 00:15:46

HP   0/51        AC  5     Str 13      XL: 6   Next: 80%
MP  17/17        EV 13     Int 21      God:
Gold 109         SH  0     Dex 17      Spells:  3 memorised,  5 levels left

rFire  . . .     SeeInvis .     m - -1 dagger (curse)
rCold  . . .     Clarity  .     g - +0 leather armour
rNeg   . . .     rCorr    .     (no shield)
rPois  .         rRot     .     (no helmet)
rElec  .         Spirit   .     f - +1 cloak
SustAb .         Warding  .     (no gloves)
rMut   .         Stasis   .     (no boots)
Gourm  .                        (no amulet)
MR     .....                    o - ring of wizardry
                                l - ring of stealth

@: not resistant to hostile enchantments, fairly stealthy
A: no striking features
a: no special abilities


You were on level 4 of the Dungeon.
You were hungry.

You visited 1 branch of the dungeon, and saw 4 of its levels.

You collected 109 gold pieces.

Inventory:

Hand weapons
 e - a +1 dagger
 j - a +0 long sword
 k - a +4 short sword
 m - a cursed -1 dagger (weapon)
 q - a +2 quarterstaff of chaos
 y - a +0 flail of protection
Missiles
 D - 2 tomahawks (quivered)
Armour
 f - a +1 cloak (worn)
 g - a +0 leather armour (worn)
 u - a +1 robe of cold resistance
Magical devices
 C - a wand of lightning (0)
Comestibles
 b - 3 bread rations
 h - a beef jerky
 z - a royal jelly
Scrolls
 a - 2 scrolls of fear
 d - 2 scrolls of blinking
 w - a scroll of amnesia
Jewellery
 i - an uncursed amulet of resist mutation {unknown}
 l - a ring of stealth (left hand)
 o - a ring of wizardry (right hand)
 s - a +4 ring of strength {unknown}
 t - an uncursed ring of see invisible {unknown}
 A - an uncursed ring of teleport control {unknown}
Potions
 n - a potion of magic
 p - a potion of brilliance {unknown}
 r - 3 potions of flight {unknown}
 x - a potion of heal wounds {unknown}
 B - a potion of curing {unknown}
Books
 c - a book of Conjurations

   Spells                             Type                      Level
   *Magic Dart                        Conjuration                  1
   *Searing Ray                       Conjuration                  2
   *Dazzling Spray                    Conjuration/Hexes            3
   Fulminant Prism                    Conjuration/Hexes            4
   Iskenderun's Mystic Blast          Conjuration                  4
   Iskenderun's Battlesphere          Conjuration/Charms           5


   Skills:
 * Level 3.0 Fighting
 + Level 1.7 Armour
 * Level 3.5 Dodging
 + Level 2.8 Stealth
 * Level 3.4 Spellcasting
 * Level 4.4 Conjurations


You had 5 spell levels left.
You knew the following spells:

 Your Spells              Type           Power        Failure   Level  Hunger
a - Magic Dart            Conj           ###.         1%          1    None
b - Searing Ray           Conj           ###...       1%          2    ##.....
c - Dazzling Spray        Conj/Hex       ##......     7%          3    ###....


Dungeon Overview and Level Annotations

Branches:
Dungeon (4/15)
 Temple: D:4-7

Annotations:
D:3 Grinder


Message History

Aiming: Magic Dart
Press: ? - help, Shift-Dir - straight line, f/p - orc priest
Aim: an orc priest, wielding a hand axe (severely wounded, blind, hasn't noticed you)
The magic dart hits the orc.
The orc is heavily wounded.
The centaur skeleton hits you but does no damage.
The orc misses you. The centaur skeleton hits you.
The orc priest mumbles some strange prayers to Beogh against you.
Something smites you!
* * * LOW HITPOINT WARNING * * *
The centaur skeleton barely misses you. The orc closely misses you.
Things that are here:
a leather armour; an orc corpse; a hobgoblin corpse Drink which item? (? for menu, Esc to quit)
Magic courses through your body.
It was a potion of magic.
The orc priest is no longer blind.
The orc priest hits you but does no damage.
The centaur skeleton hits you.
You die...

. ... ... .. .. #.
##. ###.o## #
##...o@# #
#....Z.# ##
#.....#.### ##.
#...###...##
#########.. #..
##.#.###....%.....
#.
#...>.....######.
#..#...#### ##
#..###### # #.##


You could see an orc priest, an orc and a centaur skeleton.

Vanquished Creatures
  A phantom (D:4)
  An ogre (D:4)
  The ghost of noom the Sinner, a weakling HOHe of Elyvilon (D:3)
  2 orc wizards (D:4)
  Crazy Yiuf (D:3)
  An iguana (D:3)
  Jessica (D:3)
  7 gnolls
  6 adders
  A worm (D:2)
  A giant gecko (D:3)
  6 orcs
  2 giant cockroaches (D:2)
  17 goblins
  8 hobgoblins
  12 bats
  4 giant newts
  10 kobolds
  An orc skeleton (D:4)
  A quokka (D:3)
  9 rats
  A butterfly (D:4)
94 creatures vanquished.

Notes
Turn   | Place    | Note
--------------------------------------------------------------
     0 | D:1      | Johnny, the Demigod Conjurer, began the quest for the Orb.
     0 | D:1      | Reached XP level 1. HP: 14/14 MP: 3/3
   242 | D:1      | Reached XP level 2. HP: 17/22 MP: 1/4
   871 | D:2      | Found a sparkling altar of Nemelex Xobeh.
  1069 | D:2      | Reached skill level 1 in Fighting
  1195 | D:2      | Reached XP level 3. HP: 28/28 MP: 1/8
  2406 | D:3      | Learned a level 2 spell: Searing Ray
  2410 | D:3      | Learned a level 3 spell: Dazzling Spray
  2416 | D:3      | Reached XP level 4. HP: 30/35 MP: 6/11
  2498 | D:3      | Noticed Crazy Yiuf
  2503 | D:3      | Killed Crazy Yiuf
  2692 | D:3      | Noticed noom's ghost (weakling HOHe)
  2766 | D:3      | Killed noom's ghost
  2766 | D:3      | Reached skill level 1 in Armour
  2766 | D:3      | Reached XP level 5. HP: 15/41 MP: 0/12
  3009 | D:3      | Noticed Jessica
  3045 | D:3      | Killed Jessica
  3099 | D:3      | Reached skill level 4 in Conjurations
  3654 | D:3      | Noticed Grinder
  3680 | D:3      | Paralysed by Grinder for 2 turns
  3711 | D:3      | Paralysed by Grinder for 5 turns
  3720 | D:3      | Paralysed by Grinder for 3 turns
  3741 | D:3      | Paralysed by Grinder for 3 turns
  3976 | D:4      | Found a shimmering altar of Xom.
  4194 | D:4      | Reached XP level 6. HP: 16/50 MP: 1/16
  4411 | D:4      | Noticed a phantom
  4416 | D:4      | Noticed an ogre
  4421 | D:4      | Killed an ogre
  4576 | D:4      | Killed a phantom
  5112 | D:4      | Slain by a centaur skeleton

Action                   |  1- 3 |  4- 6 || total
-------------------------+-------+-------++-------
Melee: Dagger            |    96 |   125 ||   221
Throw: Tomahawk          |       |     1 ||     1
 Cast: Magic Dart        |    86 |    20 ||   106
       Dazzling Spray    |     1 |    34 ||    35
       Searing Ray       |       |    22 ||    22
Evoke: Wand              |       |     4 ||     4
  Use: Scroll            |     8 |     2 ||    10
       Potion            |       |     2 ||     2
 Stab: Invisible         |     2 |     1 ||     3
       Sleeping          |     1 |     1 ||     2
  Eat: Chunk             |     5 |     7 ||    12
